 Dungeon Crawl Stone Soup version 0.29-a0-92-gee772dd00f (webtiles) character file.

Game seed: 1698976635649633532

64 floopthepig the Covered (level 3, 0/34 HPs)
             Began as a Minotaur Fighter on Feb 7, 2022.
             Slain by an orc (5 damage)
             ... on level 3 of the Dungeon on Feb 10, 2022.
             The game lasted 00:11:26 (1802 turns).

floopthepig the Covered (Minotaur Fighter)          Turns: 1802, Time: 00:11:26

Health: 0/34       AC:  7    Str: 22    XL:     3   Next: 91%
Magic:  2/2        EV:  9    Int:  5    God:
Gold:   103        SH:  4    Dex:  9    Spells: 2/2 levels left

rFire   . . .      SeeInvis .   o - +2 dagger (speed)
rCold   . . .      Faith    .   c - +0 buckler
rNeg    . . .      Spirit   .   b - +0 scale mail
rPois   .          Reflect  .   (helmet restricted)
rElec   .          Harm     .   (no cloak)
rCorr   .          Rampage  .   (no gloves)
Will    .....                   (no boots)
Stlth   ..........              (no amulet)
HPRegen 0.11/turn               (no ring)
MPRegen 0.08/turn               (no ring)

@: no status effects
A: horns 2, retaliatory headbutt
a: no special abilities


You were on level 3 of the Dungeon.
You visited 1 branch of the dungeon, and saw 3 of its levels.

You collected 103 gold pieces.

Inventory:

Hand Weapons
 a - a +0 long sword
 k - a +0 hunting sling
 o - a +2 dagger of speed (weapon)
Missiles
 m - 25 bolts
 r - 6 poisoned darts (quivered)
Armour
 b - a +0 scale mail (worn)
 c - a +0 buckler (worn)
 f - a +0 ring mail
 t - a +0 chain mail
 u - a +0 ring mail
Magical Staves
 i - a staff of cold
Scrolls
 h - a scroll of immolation {unknown}
 j - a scroll of teleportation {unknown}
 l - a scroll of fog {unknown}
 n - 4 scrolls of identify {unknown}
 p - a scroll of vulnerability {unknown}
Potions
 d - a potion of might
 e - a potion of mutation {unknown}
 g - a potion of heal wounds {unknown}
 q - a potion of flight {unknown}
 s - a potion of cancellation {unknown}


   Skills:
 + Level 4.4 Fighting
 + Level 3.2 Long Blades
 + Level 4.5 Armour
 + Level 0.1 Dodging
 + Level 4.0 Shields


You had 2 spell levels left.
You didn't know any spells.
Your spell library contained the following spells:

 Spells                   Type           Power      Damage    Failure   Level
 Ignite Poison            Fire/Tmut/Pois 0%         N/A       99%         3
 Mephitic Cloud           Conj/Pois/Air  0%         N/A       99%         3
 Freezing Cloud           Conj/Ice/Air   0%         6-21      100%        5


Dungeon Overview and Level Annotations

Branches:
Dungeon (3/15)

Altars:


Innate Abilities, Weirdness & Mutations

You have a pair of horns on your head.
You reflexively headbutt those who attack you in melee.


Message History

The orc hits you with a +0 whip of electrocution.
The jackal barks!
The orc shouts!
You hear a shout!
The jackal barely misses you. You furiously retaliate!
You headbutt the jackal.
The jackal bites you but does no damage.
You hit the jackal but do no damage.
The jackal is almost dead.
You block the jackal's attack. The orc hits you but does no damage.
You hit the jackal.
You kill the jackal!
You hit the orc.
The orc is moderately wounded.
The orc hits you with a +0 whip of electrocution.
You hit the orc. You headbutt the orc.
You kill the orc!
The orc closely misses you.
A jackal comes into view.
An orc comes into view. It is wielding a +0 dagger.
Things that are here:
a +0 short sword; a +0 leather armour; a jackal corpse You closely miss the orc.
The orc hits you but does no damage.
You hit the orc.
The orc is heavily wounded.
The orc barely misses you. You furiously retaliate!
You headbutt the orc. The orc barely misses you.
You hit the orc.
The orc is heavily wounded.
You block the orc's attack.
You barely miss the orc.
The orc is heavily wounded.
The orc barely misses you.
You hit the orc.
You kill the orc!
The orc hits you but does no damage.
You are electrocuted!
* * * LOW HITPOINT WARNING * * *
You closely miss the jackal. The jackal closely misses you.
You furiously retaliate!
You headbutt the jackal, but do no damage.
You closely miss the jackal.
The orc hits you with a +0 whip of electrocution.
You die...

######### #.oo...o#
#.#####o#
#############.# #o#
##.....oo......#####.#
........#######h@oo#o#
........# #.##.#.#
..#.....#######.##.#.#
..#.....#.....#.##...#
..#######.###.#.######
.. #.##....# .h
#....#### .. ##...# .h
#.###


You could see 2 orcs and a jackal.

Vanquished Creatures
  2 adders
  A worm (D:2)
  A dart slug (D:1)
  2 orcs (D:3)
  4 endoplasms
  3 giant cockroaches
  3 goblins
  5 hobgoblins
  A jackal (D:3)
  3 kobolds
  2 quokkas (D:1)
  2 ball pythons
  2 bats
  3 frilled lizards
  3 rats (D:1)
37 creatures vanquished.

Notes
Turn   | Place    | Note
-------+----------+-------------------------------------------
     0 | D:1      | floopthepig the Minotaur Fighter began the quest for the
                  | Orb.
     0 | D:1      | Reached XP level 1. HP: 19/19 MP: 0/0
   184 | D:1      | Upgraded the game from 0.29-a0-91-gdebf4667c2 to
                  | 0.29-a0-92-gee772dd00f
   189 | D:1      | Reached XP level 2. HP: 22/27 MP: 1/1
  1175 | D:2      | Reached XP level 3. HP: 29/33 MP: 2/2
  1802 | D:3      | Slain by an orc

Illustrated notes

Levels and vault maps discovered:
D:1:      dpeg_arrival_tiny_c, layout_basic, solitary_fountain
D:2:      layout_basic
D:3:      layout_basic, nicolae_uskayaw_suspiria, gammafunk_ghost_arena

Skill      XL: |  1  2  3 |
---------------+----------+-----
Armour         | 4 |  4.5
Fighting       | 4 |  4.4
Shields        | 4 |  4.0
Long Blades    | 3 |  3.2
Dodging        | |  0.1

Action                   || total
-------------------------++-------
Melee: Long sword        ||    33
       Headbutt          ||    12
       Dagger            ||    56
Armor: Scale mail        ||    28
Dodge: Dodged            ||    28
Block: Buckler           ||    14

Table legend: (Time is in decaauts)
 A = Elapsed time spent in this place.
 B = Non-inter-level travel time spent in this place.
 C = Inter-level travel time spent in this place.
 D = Time resting spent in this place.
 E = Time spent auto-exploring this place.
 F = Levels seen in this place.
 G = Mean time per level.
                   A        B        C        D        E       F      G
               +--------+--------+--------+--------+--------+-----+--------+
         Total |   1792 |   1792 |      0 |     84 |    729 |   3 |  597.3 |
       Dungeon |   1792 |   1792 |      0 |     84 |    729 |   3 |  597.3 |
               +--------+--------+--------+--------+--------+-----+--------+

Top non-repeatable levels by time:
     D:1: 1088 daAuts
     D:2: 527 daAuts
     D:3: 176 daAuts
